 Dungeon Crawl Stone Soup version 0.20.1-1-g8b1a95d (webtiles) character file.

1989 Principatus the Conjurer (level 9, -6/45 HPs)
             Began as a Deep Elf Wizard on Aug 1, 2017.
             Was a Follower of Vehumet.
             Mangled by Edmund
             ... wielding a +0 dire flail of holy wrath
              (9 damage)
             ... on level 6 of the Dungeon.
             The game lasted 01:01:20 (8924 turns).

Principatus the Conjurer (Deep Elf Wizard)          Turns: 8924, Time: 01:01:21

Health: -6/45      AC:  6    Str:  6      XL:     9   Next: 1%
Magic:  9/18       EV: 13    Int: 25      God:    Vehumet [*.....]
Gold:   336        SH:  0    Dex: 11 (13) Spells: 6/17 levels left

rFire    . . .     SeeInvis .   j - +2 flail (crush)
rCold    + . .     Gourm    .   (no shield)
rNeg     . . .     Faith    .   w - +3 robe of Clouds {+Fly rElec}
rPois    .         Spirit   .   M - +1 hat
rElec    +         Reflect  .   (no cloak)
rCorr    .         Harm     .   (no gloves)
MR       .....                  (no boots)
Stlth    ++........             (no amulet)
Regen    0.2/turn               g - ring of protection from cold
MPRegen  0.2/turn               f - +1 ring of evasion

@: no status effects
A: no striking features
a: Renounce Religion, Evoke Flight


You were on level 6 of the Dungeon.
You worshipped Vehumet.
Vehumet was aware of your devotion.
You were not hungry.

You visited 2 branches of the dungeon, and saw 7 of its levels.

You collected 336 gold pieces.

Inventory:

Hand Weapons
 j - a +2 flail of crushing (weapon)
 o - a +0 whip
 F - a +0 hunting sling
 G - a +0 hunting sling
 J - a +0 halberd of flaming
Missiles
 h - 60 sling bullets
 A - 4 tomahawks (quivered)
Armour
 a - a +0 robe
 b - a +0 hat
 e - a +1 robe of cold resistance
 u - a +0 helmet
 w - the +3 robe of Clouds (worn) {+Fly rElec}
   (You found it on level 4 of the Dungeon)

   It insulates you from electricity.
   It lets you fly.
 K - a +0 buckler
 M - a +1 hat (worn)
Jewellery
 f - a +1 ring of evasion (right hand)
 g - a ring of protection from cold (left hand)
 y - an uncursed amulet of harm
 C - an uncursed amulet of faith
 E - an uncursed ring of protection from cold
Wands
 s - a wand of polymorph (17/24)
 H - a wand of clouds (3/9)
Scrolls
 m - 2 scrolls of identify
 v - a scroll of teleportation {unknown}
 D - 3 scrolls of recharging
 L - a scroll of blinking
Potions
 i - a potion of degeneration {unknown}
 k - 2 potions of resistance
 l - 2 potions of heal wounds {unknown}
 n - 3 potions of curing
 p - a potion of agility {unknown}
 q - 2 potions of cancellation {unknown}
 x - 2 potions of flight
 z - a potion of might {unknown}
 B - 2 potions of haste {unknown}
 I - a potion of invisibility {unknown}
Books
 c - a book of Minor Magic

   Spells                             Type                      Level
   a - Magic Dart                     Conjuration                  1
   b - Blink                          Translocation                2
   c - Call Imp                       Summoning                    2
   d - Slow                           Hexes                        2
   e - Conjure Flame                  Conjuration/Fire             3
   f - Mephitic Cloud                 Conjuration/Poison/Air       3
Comestibles
 d - 6 bread rations
 r - 3 fruits
 t - a meat ration


   Skills:
 - Level 2.4 Dodging
 - Level 2.4 Stealth
 - Level 4.9 Spellcasting
 + Level 7.6 Conjurations
   Level 1.1 Summonings
 - Level 4.1 Translocations
 + Level 5.9 Fire Magic
 - Level 2.6 Air Magic
 - Level 6.2 Poison Magic


You had 6 spell levels left.
You knew the following spells:

 Your Spells              Type           Power        Failure   Level  Hunger
a - Magic Dart            Conj           ####         1%          1    None
b - Blink                 Tloc           N/A          2%          2    None
c - Mephitic Cloud        Conj/Pois/Air  ####....     2%          3    ##.....
d - Conjure Flame         Conj/Fire      #####...     1%          3    ##.....
e - Slow                  Hex            #.......     13%         2    None


Dungeon Overview and Level Annotations

Branches:
Dungeon (6/15)             Temple (1/1) D:4

Altars:
Ashenzari
Cheibriados
Dithmenos
Elyvilon
Fedhas
Gozag
Hepliaklqana
Kikubaaqudgha
Nemelex Xobeh
Okawaru
Qazlal
Sif Muna
Trog
Uskayaw
Vehumet
Xom
Yredelemnul
Zin
The Shining One

Shops:
D:4 ?

Annotations:
D:3 Grinder
D:6 Edmund


Message History

Edmund is severely wounded.
Edmund hits you with a dire flail of holy wrath!
You hit Edmund.
Edmund is almost dead.
Edmund hits you with a dire flail of holy wrath! x2
* * * LOW HITPOINT WARNING * * *
There is a stone staircase leading up here.
The crimson imp zaps a wand.
You are confused.
It is a wand of confusion (?/48).
You bump into the rock wall.
Edmund misses you.
Edmund says, "People will remember me!
They'll remember me and die!"
You barely miss Edmund.
Edmund is almost dead.
Edmund misses you.
The crimson imp blinks!
You bump into the rock wall.
You feel less confused.
Edmund hits you with a dire flail of holy wrath!
You die...

#.# #§§§# #.##
#...## .
#.#.###....### ...
#.#..##.##...##..#..
#.##.##............#
#.##..§...###..#?.##
#....5###.# #...$#
#..#@## #.# ##....
####@# #.# .##. #.#
#.# ....
#.####.##### .....
#.##.......##.....
#.##..≈...........
#.##........#.....
...#.......##.....
...#.......##.....
#.......#......


You could see Edmund and a shadow imp.

Vanquished Creatures
  The ghost of bierdeckelkanne the Gusty, a novice OpAE of Sif Muna (D:5)
  2 sky beasts (D:5)
  A black bear (D:5)
  4 ogres
  Blork the orc (D:5)
  A bullfrog (D:6)
  2 scorpions
  2 howler monkeys (D:5)
  5 crimson imps
  A quasit (D:5)
  A centaur zombie (D:5)
  2 jellies
  2 orc wizards (D:3)
  An orc priest (D:3)
  A centaur skeleton (D:4)
  Jessica (D:2)
  2 iguanas
  2 worker ants (D:4)
  14 adders
  A river rat (D:4)
  9 oozes (D:2)
  An adder zombie (D:5)
  A worm (D:4)
  4 dart slugs
  5 leopard geckos
  15 orcs
  4 giant cockroaches
  8 goblins
  8 hobgoblins
  11 kobolds
  4 quokkas
  2 ball pythons
  11 bats
  4 frilled lizards
  14 rats
148 creatures vanquished.

Vanquished Creatures (others)
  A sky beast (D:6)
  4 fungi (D:2)
  12 toadstools (D:2)
17 creatures vanquished.

Grand Total: 165 creatures vanquished

Notes
Turn   | Place    | Note
-------+----------+-------------------------------------------
     0 | D:1      | Principatus the Deep Elf Wizard began the quest for the Orb.
     0 | D:1      | Reached XP level 1. HP: 10/10 MP: 7/7
   238 | D:1      | Reached XP level 2. HP: 15/15 MP: 3/9
   355 | D:1      | Learned a level 2 spell: Blink
   551 | D:1      | Reached skill level 2 in Conjurations
   912 | D:2      | Reached XP level 3. HP: 19/19 MP: 9/11
   917 | D:2      | Learned a level 3 spell: Mephitic Cloud
   967 | D:2      | Noticed Jessica
   971 | D:2      | Killed Jessica
  1325 | D:2      | Reached skill level 1 in Poison Magic
  1335 | D:2      | Reached XP level 4. HP: 24/24 MP: 9/12
  1359 | D:2      | Found an opulent altar of Gozag.
  1806 | D:2      | Reached skill level 3 in Conjurations
  1880 | D:2      | Reached skill level 1 in Air Magic
  2074 | D:1      | Reached XP level 5. HP: 10/28 MP: 10/14
  2844 | D:2      | Learned a level 3 spell: Conjure Flame
  2952 | D:3      | Noticed an ogre
  3229 | D:3      | Reached XP level 6. HP: 32/32 MP: 11/15
  3317 | D:3      | Reached skill level 4 in Conjurations
  4184 | D:4      | Noticed Grinder
  4237 | D:4      | Found Kupleukh's Magic Scroll Shoppe.
  4302 | D:4      | Found a staircase to the Ecumenical Temple.
  4311 | Temple   | Entered the Ecumenical Temple
  4470 | Temple   | Became a worshipper of Vehumet
  4816 | D:4      | Paralysed by Grinder for 2 turns
  5057 | D:4      | Reached XP level 7. HP: 31/36 MP: 2/16
  5203 | D:4      | Reached skill level 1 in Fire Magic
  5480 | D:4      | Reached skill level 5 in Conjurations
  6546 | D:5      | Entered Level 5 of the Dungeon
  6634 | D:5      | Noticed bierdeckelkanne's ghost (novice OpAE)
  6654 | D:4      | Reached * piety under Vehumet
  6654 | D:4      | Offered knowledge of Sandblast by Vehumet.
  6934 | D:5      | Noticed Blork the orc
  6961 | D:5      | Killed Blork the orc
  6961 | D:5      | Reached XP level 8. HP: 34/41 MP: 1/17
  7295 | D:5      | Reached skill level 6 in Conjurations
  7377 | D:5      | Reached skill level 5 in Poison Magic
  8034 | D:6      | Found a glowing silver altar of Zin.
  8281 | D:6      | Noticed Edmund
  8316 | D:5      | Killed bierdeckelkanne's ghost
  8316 | D:5      | Reached skill level 7 in Conjurations
  8316 | D:5      | Reached skill level 5 in Fire Magic
  8725 | D:5      | Reached XP level 9. HP: 38/45 MP: 4/18
  8842 | D:6      | Learned a level 2 spell: Slow
  8917 | D:6      | HP: 2/45 [Edmund/dire flail of holy wrath (13)]
  8924 | D:6      | Mangled by Edmund

Skill      XL: |  1  2  3  4  5  6  7  8 |
---------------+-------------------------+-----
Conjurations   | 2 3 4 5 7 |  7.6
Translocations | 2 3 4 |  4.1
Poison Magic   | 1 2 3 4 6 |  6.2
Air Magic      | 1 2 |  2.6
Fire Magic     | 3 5 |  5.9
Dodging        | |  2.4
Stealth        | |  2.4
Spellcasting   | |  4.9
Summonings     | |  1.1

Action                   |  1- 3 |  4- 6 |  7- 9 || total
-------------------------+-------+-------+-------++-------
Melee: Unarmed           |     1 |       |       ||     1
       Whip              |     4 |    13 |       ||    17
       Falchion          |       |     3 |       ||     3
       Dagger            |       |     2 |       ||     2
       Flail             |       |       |    21 ||    21
 Cast: Magic Dart        |    77 |   194 |   249 ||   520
       Mephitic Cloud    |     1 |     3 |     5 ||     9
       Blink             |       |     3 |     3 ||     6
       Conjure Flame     |       |       |     9 ||     9
  Use: Scroll            |     1 |    10 |     3 ||    14
       Potion            |       |       |     1 ||     1
 Stab: Confused          |       |     1 |       ||     1
  Eat: Chunk             |     1 |     7 |     3 ||    11
       Royal jelly       |       |     1 |     1 ||     2
       Meat ration       |       |     1 |     1 ||     2
Armor: Robe              |     8 |    21 |    38 ||    67
Dodge: Dodged            |    13 |    70 |    88 ||   171
       Rpst.: Falchion   |       |     1 |       ||     1
